 Dungeon Crawl Stone Soup version 0.30-a0-964-gd452b5e7fa (webtiles) character file.

Game seed: 14311427857905350162

3076 funkygono the Cleaver (level 9, -12/81 HPs)
             Began as a Minotaur Fighter on Mar 30, 2023.
             Mangled by an orc warrior
             ... wielding a +0 halberd
              (21 damage)
             ... in a bailey.
             The game lasted 00:10:25 (4521 turns).

funkygono the Cleaver (Minotaur Fighter)            Turns: 4521, Time: 00:10:26

Health: -12/81     AC: 14    Str: 26    XL:     9   Next: 58%
Magic:  8/8        EV: 14    Int:  5    God:
Gold:   416        SH:  5    Dex:  9    Spells: 8/8 levels left

rFire   . . .      SeeInvis .    a - +0 war axe
rCold   . . .      Faith    .    c - +0 buckler
rNeg    . . .      Spirit   .    g - +0 chain mail
rPois   .          Reflect  .    (helmet restricted)
rElec   .          Rampage  .    b - +0 cloak
rCorr   .                        (no gloves)
Will    +....                    p - +1 pair of boots Stlth
                                 z - amulet of regeneration
HPRegen 1.13/turn                E - +5 ring of evasion
MPRegen 0.11/turn                h - ring of willpower

@: mighty
A: horns 2, retaliatory headbutt
a: no special abilities


You were in a bailey.
You visited 1 branch of the dungeon, and saw 7 of its levels.
You also visited: Bailey.

You collected 416 gold pieces.

Inventory:

Hand Weapons
 a - a +0 war axe (weapon)
Missiles
 j - 6 boomerangs of dispersal (quivered)
Armour
 b - a +0 cloak (worn)
 c - a +0 buckler (worn)
 g - a +0 chain mail (worn)
 p - a +1 pair of boots (worn)
 t - a +3 scale mail
Jewellery
 h - a ring of willpower (right hand)
 o - a ring of see invisible
 q - a ring of ice
 r - a ring of wizardry
 s - a ring of flight
 z - an amulet of regeneration (around neck)
 E - a +5 ring of evasion (left hand)
Wands
 u - a wand of flame (41)
 w - a wand of charming (6)
 y - a wand of polymorph (6)
 C - a wand of iceblast (3)
Scrolls
 e - a scroll of magic mapping
 m - 3 scrolls of teleportation
 n - 4 scrolls of amnesia
Potions
 f - 4 potions of curing
 i - a potion of flight
 k - 3 potions of invisibility {unknown}
 l - 3 potions of lignification
 v - 2 potions of ambrosia {unknown}
 x - a potion of attraction {unknown}
 A - 2 potions of brilliance
 B - 3 potions of magic {unknown}
 D - 3 potions of cancellation {unknown}
 F - a potion of haste
 G - a potion of heal wounds


   Skills:
 + Level 7.8 Fighting
 + Level 11.3 Axes
 + Level 7.7 Armour
 + Level 3.7 Dodging
 + Level 0.5 Stealth
 + Level 5.8 Shields
 + Level 0.3 Unarmed Combat


You had 8 spell levels left.
You didn't know any spells.
Your spell library contained the following spells:

 Spells                   Type           Power      Damage    Failure   Level
 Slow                     Hex            0%         N/A       98%         1
 Summon Small Mammal      Summ           0%         N/A       98%         1
 Call Canine Familiar     Summ           0%         N/A       100%        3
 Confusing Touch          Hex            0%         N/A       100%        3
 Summon Guardian Golem    Hex/Summ       0%         N/A       100%        3
 Vampiric Draining        Necr           0%         2d6       100%        3


Dungeon Overview and Level Annotations

Branches:
Dungeon (7/15)             Temple (0/1) D:7          Bailey (1/1)

Altars:
Hepliaklqana
Makhleb
Trog

Shops:
D:1 (   D:5 **


Innate Abilities, Weirdness & Mutations

You have a pair of horns on your head.
You reflexively headbutt those who attack you in melee.


Message History

a +0 halberd; an orc corpse You barely miss the orc knight.
You headbutt the orc knight.
The orc knight is almost dead.
The orc no longer looks unusually strong.
The orc misses you.
The orc knight roars a battlecry!
The orc goes into a battle-frenzy!
The orc hits you but does no damage. The orc barely misses you.
You closely miss the orc knight.
The orc knight is almost dead.
You block the orc's attack.
The orc knight hits you with a +0 trident!
* * * LOW HITPOINT WARNING * * *
The orc hits you but does no damage. The orc closely misses you.
You feel much better.
The orc hits you from afar with a +0 spear.
The orc knight hits you with a +0 trident!
* * * LOW HITPOINT WARNING * * *
You block the orc's attack. The orc barely misses you.
The orc warrior misses you.
You slash the orc knight!
You kill the orc knight!
The orc hits you but does no damage. The orc closely misses you.
The orc hits you from afar with a +0 halberd.
* * * LOW HITPOINT WARNING * * *
The orc warrior hits you from afar with a +0 halberd!
* * * LOW HITPOINT WARNING * * *
Your Axes skill increases to level 11!
The orc hits you but does no damage. The orc hits you with a +0 trident.
* * * LOW HITPOINT WARNING * * *
The orc misses you. You furiously retaliate!
You headbutt the orc!
You kill the orc!
The orc warrior closely misses you.
The orc warrior hits you from afar with a +0 halberd.
* * * LOW HITPOINT WARNING * * *
You slice the orc!!
You kill the orc!
You hit the orc.
The orc warrior hits you from afar with a +0 halberd!!
You die...

# ####### ##### ##
##.....#########....o
.######.......#..o..#......
.#...)#).##...'))o..'..#...
.'...)'))8....')@)o.'.....o
.#...)#))##...')))..'..#
.######.......#.....#......
## ##.....######## ..... #
####### ####


You could see 2 orc warriors and an orc (strong).

Vanquished Creatures
  An orc knight (Bailey)
  Sigmund (D:2)
  A steam dragon (D:7)
  A black bear (D:6)
  5 orc warriors (Bailey)
  An ice beast (D:5)
  A sky beast (D:7)
  2 ogres
  A centaur (D:6)
  2 phantoms
  A bullfrog (D:5)
  4 scorpions
  2 howler monkeys (D:4)
  2 hounds
  2 orc priests
  4 sleepcaps
  Terence (D:3)
  3 iguanas
  4 orc wizards
  Natasha (thrice) (D:3)
  7 gnolls
  5 adders
  2 worms
  A dart slug (D:3)
  40 orcs
  7 endoplasms
  4 giant cockroaches
  9 goblins
  7 hobgoblins
  4 jackals (D:2)
  6 quokkas
  11 ball pythons
  6 bats
  4 frilled lizards
  9 kobolds
  4 rats
168 creatures vanquished.

Vanquished Creatures (others)
  A fungus (D:1)
  2 plants (D:1)
3 creatures vanquished.

Grand Total: 171 creatures vanquished

Notes
Turn   | Place    | Note
-------+----------+-------------------------------------------
     0 | D:1      | funkygono the Minotaur Fighter began the quest for the Orb.
     0 | D:1      | Reached XP level 1. HP: 19/19 MP: 0/0
    69 | D:1      | Found Ucaokkuge's Weapon Boutique.
   141 | D:1      | Reached XP level 2. HP: 27/27 MP: 1/1
   368 | D:1      | Found a faded altar of an unknown god.
   774 | D:2      | Reached XP level 3. HP: 18/33 MP: 2/2
   859 | D:2      | Reached skill level 3 in Axes
   994 | D:2      | Noticed Sigmund
  1081 | D:2      | Killed Sigmund
  1082 | D:2      | Reached skill level 4 in Axes
  1082 | D:2      | Reached skill level 1 in Dodging
  1082 | D:2      | Reached XP level 4. HP: 10/41 MP: 3/3
  1082 | D:2      | Reached XP level 5. HP: 12/47 MP: 4/4
  1555 | D:3      | Found a hazy altar of Hepliaklqana.
  1555 | D:3      | Found a burning altar of Makhleb.
  1583 | D:3      | Noticed Terence
  1599 | D:3      | Killed Terence
  1600 | D:3      | Reached skill level 5 in Fighting
  1690 | D:3      | Noticed Natasha
  1696 | D:3      | Killed Natasha
  1697 | D:3      | Reached skill level 5 in Axes
  1697 | D:3      | Reached XP level 6. HP: 55/56 MP: 5/5
  1710 | D:3      | Noticed Natasha
  1725 | D:3      | Killed Natasha
  1825 | D:3      | Noticed Natasha
  1829 | D:3      | Killed Natasha
  1923 | D:3      | Reached skill level 5 in Armour
  2013 | D:3      | Identified the +1 sling of Defiance {freeze, +Blink Str+2}
  2427 | D:4      | Reached skill level 6 in Axes
  2450 | D:4      | Reached XP level 7. HP: 57/61 MP: 6/6
  2464 | D:4      | Reached skill level 7 in Axes
  2623 | D:4      | Found a bloodstained altar of Trog.
  2904 | D:5      | Entered Level 5 of the Dungeon
  2913 | D:5      | Reached skill level 8 in Axes
  2939 | D:5      | Reached XP level 8. HP: 70/70 MP: 7/7
  3162 | D:5      | Reached skill level 5 in Shields
  3276 | D:5      | Reached skill level 9 in Axes
  3474 | D:5      | Found Fuxt's General Store.
  3475 | D:5      | Found Uxtuuph's Specific Store.
  3913 | D:6      | Reached skill level 10 in Axes
  4312 | D:7      | Reached XP level 9. HP: 79/79 MP: 8/8
  4330 | D:7      | Found a staircase to the Ecumenical Temple.
  4347 | D:7      | Found a flagged portal.
  4363 | Bailey   | Entered a bailey
  4495 | Bailey   | Noticed an orc knight
  4519 | Bailey   | Killed an orc knight
  4520 | Bailey   | Reached skill level 11 in Axes
  4521 | Bailey   | Mangled by an orc warrior

Illustrated notes

Levels and vault maps discovered:
D:1:      heliophobic_arrival_dark_side_of_the_moon, layout_rooms, serial_shops,
          nicolae_shop_bloodbath_and_beyond, shapermc_ecumenical_altar_ellora
D:2:      layout_basic, uniq_sigmund
D:3:      kennysheep_six_static_rooms, layout_basic,
          gammafunk_temple_overflow_elements, minmay_fractal_squares_diagonal_5,
          uniq_natasha, uniq_terence
D:4:      layout_rooms, nicolae_overflow_hidden_temple
D:5:      layout_loops_ring, nicolae_specific_store, amethyst_killhole
D:6:      layout_loops_ring
D:7:      layout_cave_pools, minmay_temple_entry_stoned_glass, enter_bailey_2,
          kennysheep_diamond, nicolae_elevator_lobby_plus, uniq_pikel
Bailey:   bailey_polearm_5, bailey

Skill      XL: |  1  2  3  4  5  6  7  8  9 |
---------------+----------------------------+-----
Shields        | 4 5 |  5.8
Fighting       | 4 5 7 |  7.8
Armour         | 4 5 6 7 |  7.7
Axes           | 4 5 6 8 10 11 | 11.3
Dodging        | 1 2 3 |  3.7
Stealth        | |  0.5
Unarmed Combat | |  0.3

Action                     |  1- 3 |  4- 6 |  7- 9 || total
---------------------------+-------+-------+-------++-------
  Melee: War axe           |    95 |    99 |   212 ||   406
         Headbutt          |     9 |    12 |    45 ||    66
         Unarmed           |       |    12 |       ||    12
    Use: Potion            |     1 |       |     2 ||     3
         Scroll            |       |    11 |     3 ||    14
 Armour: Scale mail        |    53 |    61 |     8 ||   122
         Chain mail        |       |       |   101 ||   101
  Dodge: Dodged            |    54 |    64 |   166 ||   284
  Block: Buckler           |    18 |    23 |    51 ||    92

Table legend: (Time is in decaauts)
 A = Elapsed time spent in this place.
 B = Non-inter-level travel time spent in this place.
 C = Inter-level travel time spent in this place.
 D = Time resting spent in this place.
 E = Time spent auto-exploring this place.
 F = Levels seen in this place.
 G = Mean time per level.
                   A        B        C        D        E       F      G
               +--------+--------+--------+--------+--------+-----+--------+
         Total |   4597 |   4411 |    186 |     36 |   3146 |   8 |  574.6 |
       Dungeon |   4438 |   4252 |    186 |     36 |   3075 |   7 |  634.0 |
        Bailey |    158 |    158 |      0 |      0 |     71 |   1 |  158.0 |
               +--------+--------+--------+--------+--------+-----+--------+

Top non-repeatable levels by time:
     D:3: 966 daAuts
     D:2: 828 daAuts
     D:5: 819 daAuts
     D:1: 674 daAuts
     D:6: 586 daAuts
     D:4: 504 daAuts
  Bailey: 158 daAuts
     D:7: 58 daAuts
